 Dungeon Crawl Stone Soup version 0.26-a0-708-g17f3b19 (webtiles) character file.

Game seed: 15714034439073342189

38 BarneyGumball the Sneak (level 3, -1/33 HPs)
             Began as a Deep Dwarf Delver on Oct 29, 2020.
             Slain by an ice beast (10 damage)
             ... on level 5 of the Dungeon.
             The game lasted 00:02:10 (131 turns).

BarneyGumball the Sneak (Deep Dwarf Delver)          Turns: 131, Time: 00:02:10

Health: -1/33      AC:  3    Str: 16    XL:     3   Next: 25%
Magic:  3/3        EV: 12    Int: 10    God:
Gold:   0          SH:  0    Dex: 14    Spells: 2/2 levels left

rFire    . . .     SeeInvis .   a - +0 hand axe
rCold    . . .     Faith    .   (no shield)
rNeg     . . .     Spirit   .   b - +0 leather armour
rPois    .         Reflect  .   (no helmet)
rElec    .         Harm     .   (no cloak)
rCorr    .         Rampage  .   (no gloves)
MR       .....                  (no boots)
Stlth    +++.......             (no amulet)
HPRegen  0.00/turn              (no ring)
MPRegen  0.08/turn              (no ring)

@: non-regenerating
A: damage resistance, heal wounds, sense surroundings 1, no regeneration
a: Heal Wounds


You were on level 5 of the Dungeon.
You visited 1 branch of the dungeon, and saw 2 of its levels.

Inventory:

Hand Weapons
 a - a +0 hand axe (weapon)
Armour
 b - a +0 leather armour (worn)
Wands
 g - a wand of digging (2)
 h - a wand of flame (34)
Scrolls
 c - a scroll of fog
 d - a scroll of magic mapping
 e - a scroll of fear
Potions
 f - 2 potions of haste


   Skills:
 - Level 2.6 Fighting
 * Level 3.6 Axes
 - Level 2.1 Dodging
 - Level 6.0 Stealth
 + Level 2.1 Evocations


You had 2 spell levels left.
You didn't know any spells.
Your spell library was empty.

Dungeon Overview and Level Annotations

Branches:
Dungeon (5/15)
 Temple: D:4-7

Altars:
Kikubaaqudgha


Innate Abilities, Weirdness & Mutations

You are resistant to damage.
You can heal yourself by infusing magical energy.
You passively map a small area around you.
You do not regenerate.


Message History

You are poisoned.
The adder poisons you!
You hit the adder.
The adder is severely wounded.
The adder bites you but does no damage.
You closely miss the adder.
The adder is severely wounded.
The adder closely misses you. The adder barely misses you.
You slash the adder!
You kill the adder!
Your Evocations skill increases to level 2!
There is a stone staircase leading down, spattered with blood here.
You are no longer poisoned.
You climb downwards.
The gnoll barely misses you. The ice beast hits you. The ice beast freezes you!
The gnoll hits you with a +0 flail.
There is a stone staircase leading up, spattered with blood here.
The ice beast hits you.
* * * LOW HITPOINT WARNING * * *
The ice beast freezes you!
You die...

* * . ,,, ##.* ,.. ,, ,,
#.$ .# #.#* .. * * #.#
###. * ####* #.# #.., *
....### #g# #.# ###
**#...###@####.#* * ...
####......Y....# , *
*#.##.........l...........
*
#........................
*
*##...#.#................
#....>................. ,
#...#.#................ *
##................$....
#.....................


You could see an ice beast, a gnoll and a leopard gecko.

Vanquished Creatures
  2 gnolls (D:4)
  An adder (D:4)
  A worm (D:4)
  3 orcs (D:4)
7 creatures vanquished.

Notes
Turn   | Place    | Note
-------+----------+-------------------------------------------
     0 | D:5      | BarneyGumball the Deep Dwarf Delver began the quest for the
                  | Orb.
     0 | D:5      | Reached XP level 1. HP: 20/20 MP: 1/1
    15 | D:5      | Noticed an ice beast
    33 | D:4      | Reached skill level 1 in Evocations
    33 | D:4      | Reached XP level 2. HP: 9/27 MP: 2/2
    61 | D:4      | Found an ancient bone altar of Kikubaaqudgha.
    89 | D:4      | Reached XP level 3. HP: 33/33 MP: 3/3
   131 | D:5      | Slain by an ice beast

Illustrated notes

Levels and vault maps discovered:
D:4:      layout_cave_pools, lemuel_zombie_altar_kikubaaqudgha,
          marbit_many_paths, serial_shops, shop, minmay_puff
D:5:      layout_rooms, nicolae_overflow_crystal_walls, st_stairs_14,
          minmay_fractal_squares_gapless_5, uniq_sigmund

Skill      XL: |  1  2  3 |
---------------+----------+-----
Evocations     | 1 2 |  2.1
Axes           | 3 |  3.6
Fighting       | |  2.6
Dodging        | |  2.1
Stealth        | |  6.0

Action                   || total
-------------------------++-------
Melee: Hand axe          ||    39
 Abil: Heal Wounds       ||     2
Evoke: Wand              ||     1
Armor: Leather armour    ||     4
Dodge: Dodged            ||    38

Table legend: (Time is in decaauts)
 A = Elapsed time spent in this place.
 B = Non-inter-level travel time spent in this place.
 C = Inter-level travel time spent in this place.
 D = Time resting spent in this place.
 E = Time spent auto-exploring this place.
 F = Levels seen in this place.
 G = Mean time per level.
                   A        B        C        D        E       F      G
               +--------+--------+--------+--------+--------+-----+--------+
         Total |    137 |    137 |      0 |      0 |      0 |   2 |   68.5 |
       Dungeon |    137 |    137 |      0 |      0 |      0 |   2 |   68.5 |
               +--------+--------+--------+--------+--------+-----+--------+

Top non-repeatable levels by time:
     D:4: 109 daAuts
     D:5: 27 daAuts
